 Dungeon Crawl Stone Soup version 0.32-a0-593-g85ff8e36a1 (webtiles) character file.

Game seed: 11559344600178959476

259038 Implojin the Spry (level 19, -5/121 HPs)
             Began as a Coglin Brigand on Mar 2, 2024.
             Was the Champion of Hepliaklqana.
             Slain by an eldritch tentacle (16 damage)
             ... in a wizard's laboratory.
             The game lasted 01:29:02 (37406 turns).

Implojin the Spry (Coglin Brigand)                 Turns: 37406, Time: 01:29:03

Health: -5/121     AC: 24    Str:  7      XL:     19   Next: 89%
Magic:  24/24      EV: 29    Int: 10 (11) God:    Hepliaklqana [******]
Gold:   3022       SH:  0    Dex: 25      Spells: 18/18 levels left

rFire   + . .        i - +6 rapier (protect) {Octavius}
rCold   . . .        k - +3 quick blade "No More Talking" {heavy, Will+}
rNeg    + + .        r - +0 troll leather armour
rPois   +            H - +1 helmet {SInv}
rElec   +            s - +2 cloak {rCorr}
rCorr   +            y - +2 pair of gloves {hurl}
SInv    +            E - +1 pair of boots "Sidipt" {rPois rN++ Str-5 Dex+2}
Will    ++...        (amulet unavailable)
Stlth   ++++         (ring unavailable)
HPRegen 2.00/turn    (ring unavailable)
MPRegen 0.59/turn    Z - articulated dynamo {rElec rF+ Regen+ RegenMP+}

%: no passive effects
@: mighty, under a protective aura, hasted, revved, very quick
A: reduced essence, off-hand wielding, slow wielding, warmup strikes, no
jewellery, frail 1
}: 2/15 runes: decaying, serpentine
a: Renounce Religion, Recall Ancestor, Ancestor Identity, Transference, Idealise


You were in a wizard's laboratory.
You worshipped Hepliaklqana.
Hepliaklqana was exalted by your worship.
You visited 7 branches of the dungeon, and saw 33 of its levels.
You also visited: Gauntlet, Ice Cave and Wizlab.

You collected 4289 gold pieces.
You spent 1267 gold pieces at shops.

Inventory:

Hand Weapons
 i - a +6 rapier of protection (weapon) {Octavius}
 k - the +3 quick blade "No More Talking" (offhand) {heavy, Will+}
   (You acquired it on level 7 of the Dungeon)

   Will+:     It increases your willpower.
Missiles
 e - 14 curare-tipped darts
 f - 10 javelins
 o - 29 boomerangs (quivered)
 q - 10 silver javelins
 P - 3 throwing nets
 V - 2 darts of dispersal
Armour
 b - a +2 pair of boots of stealth
 r - a +0 troll leather armour (worn)
 s - a +2 cloak of preservation (worn)
 y - a +2 pair of gloves of hurling (worn)
 E - the +1 pair of boots "Sidipt" (worn) {rPois rN++ Str-5 Dex+2}
   (You found it in a Gauntlet)

   Str-5:     It affects your strength (-5).
   Dex+2:     It affects your dexterity (+2).
   rPois:     It protects you from poison.
   rN++:      It greatly protects you from negative energy.
 H - a +1 helmet of see invisible (worn)
 J - +0 swamp dragon scales
Gizmo
 Z - an articulated dynamo (installed) {rElec rF+ Regen+ RegenMP+}
   (You invented it yourself on level 1 of the Lair of Beasts)

   [articulated dynamo]

   rF+:       It protects you from fire.
   rElec:     It insulates you from electricity.
   Regen+:    It increases your rate of health regeneration.
   RegenMP+:  It increases your rate of magic regeneration.
Wands
 c - a wand of flame (57)
 t - a wand of acid (10)
 u - a wand of polymorph (21)
 w - a wand of mindburst (17)
 B - a wand of charming (17)
 W - a wand of digging (2)
 X - a wand of iceblast (10)
Scrolls
 a - 3 scrolls of silence
 g - 2 scrolls of fear
 j - 5 scrolls of fog
 l - 2 scrolls of vulnerability
 m - 2 scrolls of butterflies
 p - a scroll of blinking
 x - 8 scrolls of immolation
 C - 5 scrolls of revelation
 I - 8 scrolls of teleportation
 S - 15 scrolls of identify
Potions
 d - a potion of attraction
 h - 6 potions of curing
 v - 5 potions of magic
 D - 3 potions of might
 F - 6 potions of enlightenment
 G - a potion of resistance
 L - 3 potions of berserk rage
 M - 3 potions of mutation
 N - 2 potions of heal wounds
 R - 2 potions of cancellation
 U - 3 potions of haste
Miscellaneous
 K - a phial of floods
 Q - a lightning rod (4/4)


   Skills:
 * Level 14.0 Fighting
 - Level 14.0 Short Blades
 - Level 3.0 Throwing
 - Level 15.0 Armour
 - Level 20.0 Dodging
 - Level 8.0 Stealth
 - Level 7.0 Invocations
 - Level 4.0 Evocations


You had 18 spell levels left.
You didn't know any spells.
Your spell library contained the following spells:

 Spells                   Type           Power      Damage    Failure   Level
 Apportation              Tloc           0%         N/A       43%         1
 Magic Dart               Conj           0%         1d3       43%         1
 Sting                    Conj/Alch      0%         1d3       43%         1
 Summon Small Mammal      Summ           0%         N/A       43%         1
 Cigotuvi's Dreadful Rot  Necr/Alch/Air  0%         N/A       58%         2
 Jinxbite                 Hex            0%         N/A       58%         2
 Lesser Beckoning         Tloc           0%         N/A       58%         2
 Mercury Vapours          Alch/Air       0%         N/A       58%         2
 Searing Ray              Conj           0%         2d4       58%         2
 Sublimation of Blood     Necr           0%         N/A       58%         2
 Call Canine Familiar     Summ           0%         N/A       82%         3
 Dazzling Flash           Conj/Hex       0%         N/A       82%         3
 Frozen Ramparts          Ice            0%         1d1       82%         3
 Gell's Gravitas          Tloc           0%         N/A       82%         3
 Mephitic Cloud           Conj/Alch/Air  0%         N/A       82%         3
 Stone Arrow              Conj/Erth      0%         3d7       82%         3
 Summon Ice Beast         Ice/Summ       0%         N/A       82%         3
 Teleport Other           Tloc           0%         N/A       82%         3
 Tukima's Dance           Hex            0%         N/A       82%         3
 Anguish                  Hex/Necr       0%         N/A       99%         4
 Animate Armour           Summ/Erth      0%         N/A       99%         4
 Cause Fear               Hex            0%         N/A       99%         4
 Dimensional Bullseye     Hex/Tloc       0%         N/A       99%         4
 Fulminant Prism          Conj/Alch      0%         3d5       99%         4
 Ignite Poison            Fire/Alch      0%         N/A       99%         4
 Iskenderun's Mystic Bla  Conj/Tloc      0%         2d3       99%         4
 Leda's Liquefaction      Alch/Erth      0%         N/A       99%         4
 Olgreb's Toxic Radiance  Alch           0%         N/A       99%         4
 Passage of Golubria      Tloc           0%         N/A       99%         4
 Petrify                  Alch/Erth      0%         N/A       99%         4
 Summon Blazeheart Golem  Fire/Summ      0%         N/A       99%         4
 Summon Lightning Spire   Summ/Air       0%         N/A       99%         4
 Vhi's Electric Charge    Tloc/Air       0%         N/A       99%         4
 Alistair's Intoxication  Alch           0%         N/A       100%        5
 Borgnjor's Vile Clutch   Necr/Erth      0%         N/A       100%        5
 Fireball                 Conj/Fire      0%         3d3       100%        5
 Freezing Cloud           Conj/Ice/Air   0%         6-21      100%        5
 Irradiate                Conj/Alch      0%         3d11      100%        5
 Lee's Rapid Deconstruct  Erth           0%         3d4*      100%        5
 Metabolic Englaciation   Hex/Ice        0%         N/A       100%        5
 Silence                  Hex/Air        0%         N/A       100%        5
 Summon Forest            Summ/Tloc      0%         N/A       100%        5
 Summon Mana Viper        Hex/Summ       0%         N/A       100%        5
 Eringya's Noxious Bog    Alch           0%         4d6       100%        6
 Plasma Beam              Fire/Air       0%         2x1d10    100%        6
 Sculpt Simulacrum        Ice/Alch       0%         N/A       100%        6
 Summon Cactus Giant      Summ           0%         N/A       100%        6
 Enfeeble                 Hex            0%         N/A       100%        7
 Malign Gateway           Summ/Tloc      0%         N/A       100%        7
 Monstrous Menagerie      Summ           0%         N/A       100%        7
 Ozocubu's Refrigeration  Ice            0%         4d7       100%        7
 Spellforged Servitor     Conj/Summ      0%         N/A       100%        7
 Lehudib's Crystal Spear  Conj/Erth      0%         10d2      100%        8
 Dragon's Call            Summ           0%         N/A       100%        9
 Polar Vortex             Ice            0%         N/A       100%        9


Dungeon Overview and Level Annotations

Branches:
Dungeon (15/15)            Temple (1/1) D:6            Lair (5/5) D:8
  Swamp (4/4) Lair:3        Snake (4/4) Lair:2        Slime (0/5) Lair:4
    Orc (2/2) D:12            Elf (2/3) Orc:2        Vaults (0/5) D:13
 Depths (0/4) D:15          IceCv (visited)          WizLab (1/1)
Gauntlet (visited)

Altars:
Ashenzari
Cheibriados
Dithmenos
Elyvilon
Fedhas
Gozag
Hepliaklqana
Kikubaaqudgha
Makhleb
Nemelex Xobeh
Okawaru
Qazlal
Ru
Sif Muna
Trog
Uskayaw
Vehumet
Wu Jian
Xom
Yredelemnul
Zin
The Shining One
Beogh
Jiyva

Shops:
D:1 [![:   D:4 =((=   D:7 =   D:14 (   Orc:2 :!=[   Snake:1 *

Portals:
Hell: Lair:5
Abyss: Lair:3
Trove: D:14 (give +5 demon blade)

Annotations:
Temple 2 transporters
Lair:3 2 transporters, Jasyk's ghost, journeyman DsFi
Elf:2 1 runed translucent door, Gangsterbeez's ghost, adept MiFi WizLab 3 transporters


Innate Abilities, Weirdness & Mutations

Your life essence is reduced to manifest your ancestor. (-10% HP)
You can wield a second weapon in your off-hand.
It takes a long time for you to wield or remove held weapons.
Your first few attacks do less damage.
You cannot equip rings or amulets.
You are frail. (-10% HP)


Message History

You destroy the obsidian statue!
The rust devil disappears in a puff of smoke!
The soul eater disappears in a puff of smoke!
The blizzard demon waves its arms in wide circles.
The air twists around and strikes you!! The eldritch tentacle misses you.
The eldritch tentacle completely misses you.
Danger: Low HP Warning |T3| Reason: 16% HP (20/121) Unknown command.
You feel much better.
Unknown command.
Unknown command.
You completely miss the eldritch tentacle with the +3 quick blade "No More Talking".
You hit the eldritch tentacle but do no damage.
You puncture the eldritch tentacle with your +6 rapier of protection!
The eldritch tentacle slaps you! The eldritch tentacle sears you!
The eldritch tentacle barely misses you.
The blizzard demon hits you but does no damage.
The blizzard demon misses you.
Danger: Low HP Warning |T3| Reason: 20% HP (25/121)
You puncture the blizzard demon with your +6 rapier of protection!
The blizzard demon is lightly wounded.
You puncture the blizzard demon with the +3 quick blade "No More Talking"!
You hit the blizzard demon with the +3 quick blade "No More Talking".
The blizzard demon is moderately wounded.
Unknown command.
Okay, then.
You puncture the eldritch tentacle with the +3 quick blade "No More Talking"! x2
The eldritch tentacle is moderately damaged.
You puncture the eldritch tentacle with your +6 rapier of protection!
The eldritch tentacle closely misses you.
The eldritch tentacle misses you.
You hit the eldritch tentacle with the +3 quick blade "No More Talking".
You puncture the eldritch tentacle with the +3 quick blade "No More Talking"!
The eldritch tentacle is heavily damaged.
You puncture the eldritch tentacle with your +6 rapier of protection!
The blizzard demon hits you. The blizzard demon hits you!
The eldritch tentacle completely misses you.
The eldritch tentacle claws you!
You die...
Hepliaklqana delivers you to your ancestors.

##..#.#.#.######∩######.#...#.#_#
#.##.###.####^§###.§####..^#..R##
##..##≈#.####§.§#.=§####..#.#.###
.###.##.####§§.[..§.©####.≈≈.#.≈#
..##..#..#§..(.!..[..§§#..#.≈..##
...###≈.##§§!..#!#[.§§§##.###.###
...#.....##...##.##...##...#.^##.
..###.≈#≈©##..*.2w*./##∩##≈..##..
[###.#...##..<##@##.§.##.#.#.#...
##...#..##§..:\#w#..[§§##.≈###..[
#....#..#^§§).V.....§^#..≈#.##..
##...#.####§§.§.§..§####..#..##.
#.#.##.####§.§#§§§####.##≈#..##
##...#.####^§###.§####.R.#.#^##
###.#.#.######©######.....#....
#≈#≈..^#..#.#.#.#.#..#≈≈.^.####
#.R#.^..#...#.....##.....## #


You could see 2 eldritch tentacles and a blizzard demon.

Vanquished Creatures
  Saint Roka (Snake:3)
  Vashnia (Snake:3)
  A profane servitor (WizLab)
  Jorgrun (D:15)
  Mlioglotl (Swamp:4)
  A tentacled monstrosity (WizLab)
  A thorn hunter (Swamp:4)
  Gastronok (Lair:1)
  3 tentacled starspawn (WizLab)
  2 nagarajas
  Donald (Snake:3)
  A balrug (D:14)
  2 ghost moths (WizLab)
  A deep elf elementalist (Elf:1)
  2 very ugly things (IceCv)
  2 deep elf demonologists (Elf:1)
  A deep elf annihilator (Elf:1)
  3 eleionomae
  A minotaur (Gauntlet)
  The ghost of Pooter the Severer, a journeyman MiBe of Trog (Orc:2)
  3 bunyips
  A blizzard demon (WizLab)
  An ettin (D:15)
  An eidolon (WizLab)
  A fire dragon (D:15)
  The ghost of Toqeudirer the Martial Artist, a journeyman DsMo of Hepliaklqana (D:14)
  Josephine (D:12)
  2 shambling mangroves (Swamp:4)
  2 entropy weavers (WizLab)
  3 rakshasas (WizLab)
  4 salamander tyrants (Snake:4)
  21 hydras
  2 caustic shrike simulacra (IceCv)
  A ghost crab (Swamp:3)
  An ice dragon (Snake:4)
  The ghost of Djon the Martial Artist, a journeyman OpSh of Okawaru (D:9)
  3 boulder beetles
  Erica (Lair:1)
  5 alligators
  8 centaur warriors
  13 anacondas
  8 death yaks
  2 two-headed ogres
  5 dancing weapons
  7 tengu warriors
  A thrashing horror (WizLab)
  9 naga warriors
  An orc high priest (Orc:1)
  6 shock serpents
  A sun demon (Lair:5)
  10 naga sharpshooters
  5 deep elf knights
  Amaemon (Lair:2)
  5 goliath frogs
  A shadow wraith (WizLab)
  3 skeletal warriors (D:11)
  9 swamp dragons
  8 bog bodies
  A skyshark (Lair:4)
  4 spriggan druids
  3 salamander mystics
  A shadow demon (WizLab)
  A deep troll (D:15)
  An arcanist (Lair:5)
  10 mana vipers
  4 slime creatures (D:14)
  5 naga ritualists
  3 obsidian statues
  2 sea snakes (Snake:1)
  3 deep elf archers
  3 orc knights
  2 large abominations (WizLab)
  2 thermic dynamos (Elf:2)
  A lindwurm (Lair:5)
  7 deep elf zephyrmancers
  An orange crystal statue (IceCv)
  A necromancer (Swamp:1)
  3 alligator zombies (Swamp:1)
  3 cyclopes
  A will-o-the-wisp (Swamp:1)
  An orc sorcerer (Orc:2)
  A wolf spider (D:15)
  11 deep elf pyromancers
  13 ugly things
  An oklob plant (Gauntlet)
  4 elephants (Lair:2)
  2 kobold blastminers
  A moth of wrath (shapeshifter) (WizLab)
  14 salamanders
  A manticore (D:13)
  3 apocalypse crabs
  29 black mambas
  Joseph (D:8)
  8 naga magi
  3 torpor snails
  7 guardian serpents
  4 orange demons
  2 smoke demons
  2 black mambas (shapeshifter)
  9 cane toads
  An efreet (D:15)
  2 kobold demonologists
  Jeremiah (D:6)
  An unseen horror (D:11)
  An anaconda simulacrum (IceCv)
  3 rime drakes (Lair:5)
  2 tengu conjurers (Gauntlet)
  2 ice devils (Lair:5)
  2 freezing wraiths (IceCv)
  A golden dragon simulacrum (IceCv)
  8 komodo dragons
  A hydra zombie (Swamp:1)
  A hellwing (WizLab)
  A red devil (Lair:5)
  9 trolls
  A polar bear (Lair:3)
  14 hornets
  8 tyrant leeches
  A raiju (WizLab)
  5 blink frogs (Lair:5)
  3 dream sheep (Lair:5)
  2 air elementals (Elf:1)
  3 jumping spiders (WizLab)
  A shadow (D:12)
  A water elemental (Elf:1)
  4 wraiths (D:12)
  47 yaks
  A vampire (D:12)
  2 wyverns
  2 dire elephant simulacra (IceCv)
  8 spriggans
  A fire elemental (Elf:2)
  10 vampire mosquitoes
  A neqoxec (D:9)
  A warg (Orc:1)
  2 basilisks
  Grum (D:8)
  4 redbacks (WizLab)
  15 swamp worms
  25 nagas
  2 acid dragons (Gauntlet)
  2 harpy simulacra (IceCv)
  16 water moccasins
  3 hell hounds (Lair:5)
  5 swamp drakes
  4 black bears
  38 orc warriors
  3 ice beasts
  7 ogres
  A sky beast (D:7)
  2 laughing skulls (D:15)
  14 centaurs
  6 wolves
  A phantom (D:6)
  5 kobold brigands
  14 bullfrogs
  3 scorpions
  2 earth elementals (Elf:1)
  2 wights (D:9)
  8 killer bees
  5 electric eels
  A bombardier beetle (D:5)
  2 jellies
  3 quasits (D:9)
  3 hounds (D:5)
  17 orc priests
  A gnoll bouda (D:8)
  Crazy Yiuf (D:7)
  2 sleepcaps
  13 orc wizards
  5 iguanas
  Robin (D:3)
  2 gnolls (D:8)
  9 adders
  3 white imps
  3 ribbon worms
  2 dart slugs
  65 orcs
  8 endoplasms
  3 giant cockroaches
  18 goblins
  9 hobgoblins
  5 quokkas
  7 ball pythons
  4 bats
  3 frilled lizards
  26 kobolds
  4 rats
  A butterfly (Lair:5)
928 creatures vanquished.

Vanquished Creatures (collateral kills)
  A deep elf sorcerer (Elf:1)
  2 nagarajas
  A ghoul (Swamp:4)
  A deep elf annihilator (Elf:2)
  A bunyip (Swamp:4)
  Snorg (D:13)
  A blizzard demon (WizLab)
  4 hydras
  A catoblepas (Lair:1)
  2 anacondas
  A dancing weapon (Elf:1)
  A boulder beetle (D:14)
  2 two-headed ogres
  5 death yaks
  A shock serpent (Snake:3)
  A naga sharpshooter (Snake:1)
  A naga warrior (Snake:4)
  A mana viper (Snake:1)
  A goliath frog (Swamp:1)
  A naga ritualist (Snake:4)
  4 swamp dragons
  A bog body (Swamp:4)
  A phantasmal warrior (D:13)
  7 deep elf pyromancers
  3 ugly things
  5 deep elf zephyrmancers
  2 cyclopes
  2 salamanders
  2 will-o-the-wisps
  2 elephants (Lair:2)
  An alligator skeleton (WizLab)
  2 naga magi
  3 black mambas
  2 komodo dragons
  An alligator simulacrum (Swamp:1)
  5 hornets
  6 tyrant leeches
  A dream sheep (Lair:5)
  An air elemental (WizLab)
  A water elemental (Elf:1)
  4 wraiths
  10 yaks
  6 spriggans
  A wyvern (Lair:5)
  A fire elemental (Elf:2)
  A vampire mosquito (Swamp:3)
  A redback (WizLab)
  A warg (Orc:1)
  2 swamp worms
  7 nagas
  A water moccasin (Lair:4)
  An acid dragon (D:12)
  4 orc warriors
  2 swamp drakes
  A black bear (Lair:4)
  A wolf (D:8)
  An ogre (Orc:2)
  6 centaurs
  A kobold brigand (D:12)
  2 bullfrogs
  A gnoll sergeant (D:9)
  An earth elemental (Elf:2)
  3 wights (D:9)
  A killer bee (D:9)
  3 orc wizards
  A gnoll (D:8)
  15 orcs
  4 kobolds
165 creatures vanquished.

Vanquished Creatures (others)
  A goliath frog (Swamp:1)
  A kobold blastminer (Orc:2)
  A troll (D:9)
  4 bloated husks
  A hornet (Swamp:2)
  2 spriggans
  25 hexers
  An ancestor (D:8)
  3 orcs (D:12)
  10 foxfires
  8 starspawn tentacles
57 creatures vanquished.

Grand Total: 1150 creatures vanquished

Notes
Turn   | Place    | Note
-------+----------+-------------------------------------------
     0 | D:1      | Implojin the Coglin Brigand began the quest for the Orb.
     0 | D:1      | Reached XP level 1. HP: 16/16 MP: 1/1
    17 | D:1      | Found a faded altar of an unknown god.
   139 | D:1      | Found Xysaom's Armour Boutique.
   148 | D:1      | Reached XP level 2. HP: 22/22 MP: 2/2
   218 | D:1      | Found Pommulopu's Armour Shoppe.
   388 | D:1      | Reached XP level 3. HP: 20/27 MP: 3/3
   459 | D:1      | Found Jav Giosh's Distillery.
   800 | D:1      | Found a transporter.
   800 | D:1      | Found Jedec's Book Shoppe.
   930 | D:1      | Found a transporter.
  1297 | D:2      | Reached XP level 4. HP: 31/33 MP: 4/4
  1321 | D:2      | Reached skill level 1 in Dodging
  1591 | D:2      | Reached XP level 5. HP: 38/38 MP: 5/5
  1865 | D:1      | Bought a +0 pair of boots for 63 gold pieces
  1996 | D:3      | Reached skill level 2 in Dodging
  2036 | D:3      | Reached XP level 6. HP: 10/44 MP: 6/6
  2041 | D:3      | Reached skill level 3 in Dodging
  2318 | D:3      | Noticed Robin
  2331 | D:3      | Killed Robin
  2732 | D:3      | Found a stormy altar of Qazlal.
  2830 | D:3      | Found a sacrificial altar of Ru.
  2842 | D:3      | Became a worshipper of Ru the Awakened
  2909 | D:1      | Bought a potion of heal wounds for 50 gold pieces
  2992 | D:4      | Found Cairuh's Weapon Shoppe.
  3015 | D:4      | Found a glowing silver altar of Zin.
  3026 | D:4      | Found Emuec's Weapon Shop.
  3044 | D:4      | Found Isching's Jewellery Emporium.
  3081 | D:4      | Found a blossoming altar of Fedhas.
  3098 | D:4      | Reached skill level 4 in Dodging
  3139 | D:4      | Found a shadowy altar of Dithmenos.
  3180 | D:4      | Found Rezaj's Jewellery Shop.
  3191 | D:4      | Reached XP level 7. HP: 24/50 MP: 7/7
  3309 | D:4      | Reached skill level 5 in Dodging
  3477 | D:5      | Entered Level 5 of the Dungeon
  3526 | D:5      | Reached skill level 6 in Dodging
  3594 | D:5      | Reached XP level 8. HP: 49/56 MP: 8/8
  3640 | D:5      | Reached skill level 7 in Dodging
  3771 | D:5      | Reached skill level 5 in Short Blades
  3779 | D:5      | Found a shimmering blue altar of Sif Muna.
  3789 | D:5      | Got Sif Muna's Atlas of the Sky
  3803 | D:5      | Found a bloodstained altar of Trog.
  4028 | D:1      | Bought a +0 helmet of see invisible for 161 gold pieces
  4320 | D:6      | Identified the amulet of Sin {Acrobat Int-5 Dex+4 Slay+6}
  4480 | D:6      | Found a staircase to the Ecumenical Temple.
  4526 | Temple   | Found a transporter.
  4526 | Temple   | Found a transporter.
  4526 | Temple   | Found a transporter.
  4526 | Temple   | Found a transporter.
  4526 | Temple   | Entered the Ecumenical Temple
  4540 | Temple   | Fell from the grace of Ru
  4540 | Temple   | Became a worshipper of Hepliaklqana the Forgotten
  4750 | D:6      | Reached XP level 9. HP: 59/65 MP: 9/9
  4841 | D:6      | Noticed Jeremiah
  4869 | D:6      | Killed Jeremiah
  4870 | D:6      | Reached skill level 8 in Dodging
  5323 | D:7      | Reached skill level 9 in Dodging
  5560 | D:7      | Found a blossoming altar of Fedhas.
  5561 | D:7      | Found Riucyu's Jewellery Emporium.
  5726 | D:7      | Found a runed translucent door.
  5727 | D:7      | Noticed Crazy Yiuf
  5738 | D:7      | Killed Crazy Yiuf
  5818 | D:7      | Found a white marble altar of Elyvilon.
  5882 | D:8      | Reached * piety under Hepliaklqana
  5885 | D:8      | Noticed Grum
  5910 | D:7      | Reached skill level 10 in Dodging
  5968 | D:8      | Killed Grum
  5995 | D:8      | Reached XP level 10. HP: 61/63 MP: 10/10
  6336 | D:8      | Noticed a kobold demonologist
  6339 | D:8      | Noticed an orange demon
  6341 | D:8      | Noticed an orange demon
  6423 | D:8      | Reached skill level 11 in Dodging
  6429 | D:8      | Noticed Joseph
  6446 | D:8      | Killed Joseph
  6449 | D:8      | Noticed a two-headed ogre
  6488 | D:8      | Killed a two-headed ogre
  6489 | D:8      | Reached skill level 5 in Fighting
  6548 | D:8      | Found a staircase to the Lair.
  6696 | D:8      | Noticed a soul eater
  6699 | D:8      | Noticed a smoke demon
  6703 | D:8      | Killed a kobold demonologist
  7063 | D:1      | Bought a +0 cloak of preservation for 149 gold pieces
  7108 | D:1      | Bought a potion of mutation for 80 gold pieces
  7108 | D:1      | Bought a potion of might for 40 gold pieces
  7395 | D:9      | Found a transporter.
  7402 | D:9      | Noticed Djon's ghost (journeyman OpSh)
  7419 | D:9      | Found a transporter.
  7484 | D:9      | Reached ** piety under Hepliaklqana
  7485 | D:9      | Remembered your ancestor 🦀 as a hexer
  7586 | D:9      | Reached XP level 11. HP: 52/75 MP: 11/11
  7696 | D:9      | Noticed a cyclops
  7720 | D:9      | Killed a cyclops
  7844 | D:9      | Found a hide-covered altar of Uskayaw.
  8529 | D:10     | Entered Level 10 of the Dungeon
  9008 | D:10     | Reached skill level 10 in Short Blades
  9062 | D:10     | Found a radiant altar of Vehumet.
  9271 | D:10     | Found an ornate altar of the Wu Jian Council.
  9861 | D:11     | Noticed a boulder beetle
  9884 | D:11     | Killed a boulder beetle
  9885 | D:11     | Reached skill level 12 in Dodging
  9961 | D:11     | Reached *** piety under Hepliaklqana
 10135 | D:11     | Noticed a skeletal warrior
 10135 | D:11     | Noticed a skeletal warrior
 10157 | D:11     | Killed a skeletal warrior
 10170 | D:11     | Noticed a skeletal warrior
 10415 | D:11     | Killed a skeletal warrior
 10416 | D:11     | Reached XP level 12. HP: 28/81 MP: 12/12
 11772 | D:7      | Identified a scroll of acquirement
 11772 | D:7      | Acquired the +3 quick blade "No More Talking" {heavy,
                  | Will+}
 11946 | D:12     | Reached skill level 13 in Dodging
 11985 | D:12     | Noticed Josephine
 11993 | D:12     | Killed Josephine
 12004 | D:12     | Noticed a boulder beetle
 12024 | D:12     | Killed a boulder beetle
 12115 | D:12     | Noticed a two-headed ogre
 12123 | D:12     | Killed a two-headed ogre
 12546 | D:12     | Found a staircase to the Orcish Mines.
 13053 | D:13     | Found a gate leading to a gauntlet.
 13058 | Gauntlet | Entered a Gauntlet
 13058 | Gauntlet | Found a transporter.
 13061 | Gauntlet | Noticed a tengu warrior
 13064 | Gauntlet | Found a transporter.
 13065 | Gauntlet | Found a transporter.
 13070 | Gauntlet | Found a transporter.
 13077 | Gauntlet | Found a transporter.
 13081 | Gauntlet | Found a transporter.
 13086 | Gauntlet | Found a transporter.
 13086 | Gauntlet | Noticed a death yak
 13091 | Gauntlet | Noticed a death yak
 13093 | Gauntlet | Found a transporter.
 13093 | Gauntlet | Noticed a death yak
 13093 | Gauntlet | Noticed a death yak
 13098 | Gauntlet | Found a transporter.
 13102 | Gauntlet | Found a transporter.
 13109 | Gauntlet | Found a transporter.
 13113 | Gauntlet | Found a transporter.
 13118 | Gauntlet | Found a transporter.
 13125 | Gauntlet | Found a transporter.
 13262 | Gauntlet | Killed a tengu warrior
 13361 | Gauntlet | Killed a death yak
 13365 | Gauntlet | Killed a death yak
 13374 | Gauntlet | Killed a death yak
 13377 | Gauntlet | Killed a death yak
 13378 | Gauntlet | Reached XP level 13. HP: 48/86 MP: 13/13
 13441 | Gauntlet | Identified the +1 pair of boots "Sidipt" {rPois rN++ Str-5
                  | Dex+2}
 13467 | Gauntlet | Acquired 863 gold pieces
 13501 | Gauntlet | Identified the +9 sling "Jerghik" {elec, Str+3 Int+3}
 13501 | Gauntlet | Identified the ring "Voregu" {rElec rPois EV+5}
 13501 | Gauntlet | Noticed a minotaur
 13509 | Gauntlet | Killed a minotaur
 13516 | Gauntlet | Identified the +5 orcbow of Embarrassment {drain, Dex+4}
 13734 | D:13     | Reached **** piety under Hepliaklqana
 14091 | D:13     | Noticed Snorg
 14098 | D:13     | Killed Snorg
 14233 | D:13     | Found a gate to the Vaults.
 14731 | D:14     | Found a runed translucent gate.
 14732 | D:14     | Found a runed translucent gate.
 14732 | D:14     | Found a runed translucent gate.
 14735 | D:14     | Noticed Toqeudirer's ghost (journeyman DsMo)
 14839 | D:14     | Reached skill level 10 in Fighting
 14839 | D:14     | Reached skill level 1 in Armour
 15045 | D:14     | Found a runed translucent door.
 15048 | D:14     | Noticed a balrug
 15057 | D:14     | Killed a balrug
 15189 | D:14     | Found a portal to a secret trove of treasure.
 15258 | D:14     | Found Nudocw's Antique Weapon Emporium.
 15491 | D:15     | Entered Level 15 of the Dungeon
 15505 | D:15     | Noticed Jorgrun
 15524 | D:14     | Reached skill level 1 in Invocations
 15748 | Lair:1   | Entered Level 1 of the Lair of Beasts
 15758 | Lair:1   | Noticed Erica
 15766 | Lair:1   | Killed Erica
 15797 | Lair:1   | Reached XP level 14. HP: 76/99 MP: 14/16
 15801 | Lair:1   | Upgraded the game from 0.32-a0-576-g706899e69d to
                  | 0.32-a0-593-g85ff8e36a1
 15888 | Lair:1   | Reached ***** piety under Hepliaklqana
 16011 | Lair:1   | Noticed Gastronok
 16021 | Lair:1   | Killed Gastronok
 16623 | Lair:2   | Reached skill level 5 in Invocations
 16660 | Lair:2   | Found a blossoming altar of Fedhas.
 16690 | Lair:2   | Noticed Amaemon
 16701 | Lair:2   | Killed Amaemon
 16858 | Lair:2   | Identified the +0 helmet "Wyubbaf" {Stlth+}
 17219 | Lair:2   | Found a staircase to the Snake Pit.
 17549 | Lair:3   | Found a transporter.
 17613 | Lair:3   | Reached skill level 5 in Stealth
 17807 | Lair:3   | Noticed Jasyk's ghost (journeyman DsFi)
 17820 | Lair:3   | Found a transporter.
 18355 | Lair:3   | Found a staircase to the Swamp.
 18514 | Lair:4   | Reached ****** piety under Hepliaklqana
 18589 | Lair:4   | Reached XP level 15. HP: 103/103 MP: 20/20
 18740 | Lair:4   | Found a viscous altar of Jiyva.
 18740 | Lair:4   | Found a staircase to the Slime Pits.
 18780 | Lair:4   | Reached skill level 5 in Armour
 19294 | Lair:5   | Entered Level 5 of the Lair of Beasts
 20012 | Lair:5   | Found a burning altar of Makhleb.
 20017 | Lair:5   | Found a gateway to Hell.
 20738 | Lair:5   | Found a burning altar of Makhleb.
 20744 | Lair:5   | Found a gateway to Hell.
 21406 | Lair:4   | Found a staircase to the Slime Pits.
 21407 | Lair:4   | Found a viscous altar of Jiyva.
 22072 | Lair:3   | Found a transporter.
 22325 | Lair:3   | Found a one-way gate to the infinite horrors of the Abyss.
 22334 | Lair:3   | Found a transporter.
 22503 | Lair:3   | Found a staircase to the Swamp.
 22742 | Lair:2   | Found a blossoming altar of Fedhas.
 22870 | Lair:2   | Found a staircase to the Snake Pit.
 23509 | D:9      | Gained mutation: You are frail. (-10% HP) [a neqoxec]
 23521 | D:9      | Killed Djon's ghost
 23523 | D:9      | Identified the ring "Doebanaj" {Dex+6 Stlth+}
 23651 | Orc:1    | Entered Level 1 of the Orcish Mines
 23651 | Orc:1    | Found a roughly hewn altar of Beogh.
 23779 | Orc:2    | Entered Level 2 of the Orcish Mines
 23921 | Orc:1    | Found a burning altar of Makhleb.
 24216 | Orc:1    | Found a bloodstained altar of Trog.
 24524 | Orc:2    | Reached skill level 10 in Armour
 24692 | Orc:2    | Found Zirenn's Jewellery Shop.
 24692 | Orc:2    | Found Rytatyr's Distillery.
 24702 | Orc:2    | Found Fuihure's Book Shoppe.
 24704 | Orc:2    | Found Silleara's Armour Boutique.
 24963 | Orc:2    | Found a staircase to the Elven Halls.
 25082 | Orc:2    | Found a runed translucent door.
 25088 | Orc:2    | Noticed Pooter's ghost (journeyman MiBe)
 25408 | Orc:2    | Found Rytatyr's Distillery.
 25408 | Orc:2    | Found Zirenn's Jewellery Shop.
 25410 | Orc:2    | Found Silleara's Armour Boutique.
 25412 | Orc:2    | Found Fuihure's Book Shoppe.
 25416 | Orc:2    | Bought a potion of heal wounds for 55 gold pieces
 25416 | Orc:2    | Bought a potion of curing for 33 gold pieces
 25416 | Orc:2    | Bought a potion of curing for 33 gold pieces
 25416 | Orc:2    | Bought a potion of curing for 33 gold pieces
 25416 | Orc:2    | Bought a potion of curing for 33 gold pieces
 25416 | Orc:2    | Bought a potion of curing for 33 gold pieces
 25416 | Orc:2    | Bought a potion of resistance for 110 gold pieces
 25416 | Orc:2    | Bought a potion of heal wounds for 55 gold pieces
 25416 | Orc:2    | Bought a potion of curing for 33 gold pieces
 25426 | Orc:2    | Acquired an articulated dynamo {rElec rF+ Regen+ RegenMP+}
 25736 | Orc:2    | Found a staircase to the Elven Halls.
 25975 | D:14     | Killed Toqeudirer's ghost
 26054 | D:14     | Reached skill level 14 in Dodging
 26054 | D:14     | Reached XP level 16. HP: 96/97 MP: 21/21
 26292 | D:15     | Killed Jorgrun
 26376 | D:15     | Identified the +0 buckler of Isaotijurch {Harm Dex+3}
 26379 | D:15     | Found a staircase to the Depths.
 26388 | D:15     | Reached skill level 15 in Dodging
 27405 | Snake:1  | Entered Level 1 of the Snake Pit
 27475 | Snake:1  | Found Qoeddof's Assorted Antiques.
 27488 | Snake:1  | Bought a potion of enlightenment for 170 gold pieces
 27488 | Snake:1  | Bought a scroll of fog for 136 gold pieces
 28018 | Snake:1  | Reached skill level 16 in Dodging
 28618 | Snake:2  | Got the Catalogue of Molten Aeromancy
 28877 | Snake:2  | Noticed a nagaraja
 28891 | Snake:2  | Killed a nagaraja
 29014 | Snake:2  | Reached skill level 17 in Dodging
 29492 | Snake:3  | Reached XP level 17. HP: 98/102 MP: 22/22
 29603 | Snake:3  | Noticed Vashnia
 29627 | Snake:3  | Noticed Donald
 29637 | Snake:3  | Killed Donald
 29835 | Snake:3  | Noticed Saint Roka
 29874 | Snake:3  | Killed Saint Roka
 30480 | Snake:3  | Killed Vashnia
 30671 | Snake:4  | Entered Level 4 of the Snake Pit
 30770 | Snake:4  | Found a glacial archway.
 30780 | IceCv    | Entered an ice cave
 30814 | IceCv    | Found a transporter.
 30825 | IceCv    | Found a transporter.
 31729 | Snake:4  | Reached XP level 18. HP: 110/112 MP: 23/23
 32151 | Snake:4  | Found an iron altar of Okawaru.
 32165 | Snake:4  | Got a serpentine rune of Zot
 32476 | Swamp:1  | Entered Level 1 of the Swamp
 33998 | Swamp:3  | Reached skill level 15 in Armour
 34211 | Swamp:4  | Entered Level 4 of the Swamp
 34377 | Swamp:4  | Reached skill level 18 in Dodging
 34589 | Swamp:4  | Got a decaying rune of Zot
 34676 | Swamp:4  | Reached XP level 19. HP: 85/116 MP: 24/24
 34972 | Swamp:4  | Noticed Mlioglotl
 34986 | Swamp:4  | Killed Mlioglotl
 34987 | Swamp:4  | Reached skill level 19 in Dodging
 35336 | Orc:2    | Killed Pooter's ghost
 35363 | Elf:1    | Entered Level 1 of the Elven Halls
 35612 | Elf:1    | Got the Secrets of Impulse
 35856 | Elf:1    | Paralysed by an air elemental for 1 turns
 36223 | Elf:2    | Reached skill level 20 in Dodging
 36284 | Elf:2    | Found a runed translucent door.
 36286 | Elf:2    | Noticed Gangsterbeez's ghost (adept MiFi)
 36384 | Elf:2    | Found a magical portal.
 36393 | WizLab   | Entered The Roulette of Golubria
 36393 | WizLab   | Found a transporter.
 36398 | WizLab   | Found a corrupted altar of Lugonu.
 36431 | WizLab   | Found a transporter.
 36485 | WizLab   | Found a corrupted altar of Lugonu.
 36525 | WizLab   | Found a transporter.
 36567 | WizLab   | Found a transporter.
 36612 | WizLab   | Found a transporter.
 36631 | WizLab   | Found a transporter.
 36661 | WizLab   | Found the +0 cloak of the Thief {Quiet Slay-3 SInv Stlth+}
 36697 | WizLab   | Found a transporter.
 36734 | WizLab   | Noticed a profane servitor
 36772 | WizLab   | Killed a profane servitor
 36775 | WizLab   | Found a transporter.
 36804 | WizLab   | Found a transporter.
 36880 | WizLab   | Found a transporter.
 36911 | WizLab   | Found a transporter.
 36913 | WizLab   | Found a transporter.
 36938 | WizLab   | Found a transporter.
 36938 | WizLab   | Noticed a tentacled monstrosity
 36941 | WizLab   | Found a transporter.
 36948 | WizLab   | Killed a tentacled monstrosity
 36963 | WizLab   | Got the Tractate on Correspondence
 36975 | WizLab   | Found a transporter.
 36977 | WizLab   | Found a transporter.
 36990 | WizLab   | Found a corrupted altar of Lugonu.
 37005 | WizLab   | Found a transporter.
 37005 | WizLab   | Found a transporter.
 37046 | WizLab   | Found a transporter.
 37406 | WizLab   | Slain by an eldritch tentacle

Illustrated notes

Levels and vault maps discovered:
D:1:      wander_arrival_abandoned_jail, layout_basic,
          hellmonk_ecumenical_altar_pennies_from_heaven, serial_shops,
          nicolae_shop_rolling_square, nicolae_shop_drivethru, shop,
          nicolae_square_shop, minmay_unequal
D:2:      cheibrodos_old_hovel, layout_rooms, chequers_big_river
D:3:      layout_rooms, nicolae_qazlal_eye_of_the_storm,
          mainiacjoe_overflow_surrounded_room, dk_vineyard_1, nicolae_titane,
          uniq_robin
D:4:      layout_cave_pools, nicolae_dithmenos_shadow_blocks,
          mainiacjoe_overflow_tiny_flanked, serial_shops, kennysheep_mini_moat,
          nicolae_shop_gaudy_bauble, shop, shop, minivault_19,
          minmay_ruined_shrine
D:5:      layout_rooms, nzn_overflow_gifts_of_might_and_magic
D:6:      layout_basic, minmay_temple_entry_mist, uniq_jeremiah
D:7:      layout_basic, mainiacjoe_overflow_catwalk, overflow_temple_1_default,
          serial_shops, shop, uniq_crazy_yiuf_cottage
D:8:      layout_basic, lair_entry_dummy, serial_bayou_lagoon_a, uniq_grum,
          uniq_joseph
D:9:      layout_cave_pods, nicolae_uskayaw_dance_hall,
          gammafunk_ghost_stat_death, minmay_circle_x
D:10:     layout_basic, pdpol_wu_jian_five_deadly_venoms, vehumet_crystals
D:11:     layout_basic, interstate_on_off
D:12:     layout_irregular_city, hiddenorc1_lemuel, kennysheep_small_square,
          uniq_josephine
D:13:     layout_basic, hellmonk_vaults_attempted_burglary,
          gauntlet_entry_generic, uniq_snorg
D:14:     dreamdust_dug_too_deep, layout_loops_corners, serial_shops,
          nicolae_shop_overgrown_old_shop, gammafunk_ghost_hydra_chop,
          nicolae_trove_entry_diagonal, minmay_statue_bubble
D:15:     hangedman_depths_entry_civil_slaughter, layout_irregular_city,
          nicolae_benzene_ring, chequers_avenue, library_closet,
          nrook_loot_triangle, uniq_jorgrun
Temple:   hellmonk_temple_divided_pantheon
Lair:1:   layout_regular_city, small_statue_intersection, serial_bayou_shore_b,
          uniq_gastronok, uniq_erica
Lair:2:   layout_regular_city, alex1729_snake_entry_snake, basic_altar,
          serial_bayou_shore_b, grunt_megastairs_3, infiniplex_staircase_pool,
          uniq_amaemon
Lair:3:   layout_cellular_growth, palyth_hydra_swamp_entry,
          gammafunk_ghost_abyssal_escape, dreamdust_wasp_nest
Lair:4:   layout_regular_city, slime_entry_1, serial_bayou_shore_b,
          grunt_megastairs_4
Lair:5:   evil_forest, layout_loops_ring, lemuel_fruit_fields,
          serial_bayou_shore_a
Swamp:1:  layout_basic_swamp, nicolae_swamp_orc_logging_accident,
          nicolae_swamp_necromancer_hut, infiniplex_staircase_pool_2
Swamp:2:  layout_falls_marsh, evilmike_swamp_ruin_house_3,
          nicolae_swamp_tree_isthmus
Swamp:3:  layout_basic_swamp, nicolae_swamp_decorative_isthmus, swamp_pool_1_2
Swamp:4:  swamp_alternative, layout_basic_swamp, swamp_pool_1_2, uniq_mlioglotl
Snake:1:  layout_basic, nicolae_twisty_statue_hallways, minmay_shop_star
Snake:2:  layout_basic, lemuel_fruit_tree, grunt_megastairs_1
Snake:3:  layout_basic, uniq_donald, uniq_saint_roka, uniq_vashnia
Snake:4:  grunt_snake_rune_serpentine_throne, layout_cave_town,
          portal_ice_cave_entry_dragon, nicolae_snake_double_loop, st_stairs_11,
          nicolae_coiled_stairwell_up
Orc:1:    layout_caves, nicolae_orc_hostile_takeover, hangedman_feature_mirror,
          david_defended_altar_orc
Orc:2:    st_orc_rangers, layout_diamond_mine, ebering_ghost_reflecting_pool
Elf:1:    eino_elf_arrival_sip, layout_geoelf_diagonals, serial_glass,
          glass_columns_b, glass_columns_c, minmay_elf_annihilation,
          nicolae_elf_v_pinch
Elf:2:    nicolae_elf_blades_crystal_corner, layout_loops_corners,
          mu_enter_wizlab_5, ebering_ghost_inner_flame, uniq_agnes
WizLab:   wizlab_golubria

Skill      XL: |  1  2  3  4  5  6  7  8  9 10 11 12 13 14 15 16 17 18 19 |
---------------+----------------------------------------------------------+-----
Short Blades   | 2 3 4 6 7 10 13 14 | 14.0
Dodging        | 1 2 4 6 7 10 11 12 13 14 17 18 20 | 20.0
Throwing       | 2 3 |  3.0
Fighting       | 4 7 10 12 14 | 14.0
Evocations     | 4 |  4.0
Armour         | 3 4 10 12 15 | 15.0
Invocations    | 2 7 |  7.0
Stealth        | 8 |  8.0

Action                     |  1- 3 |  4- 6 |  7- 9 | 10-12 | 13-15 | 16-18 | 19-21 || total
---------------------------+-------+-------+-------+-------+-------+-------+-------++-------
  Melee: Dagger            |    71 |   138 |   228 |   498 |       |       |       ||   935
         Rapier            |    57 |   100 |       |   148 |   756 |   908 |   320 ||  2289
         Short sword       |       |    37 |   225 |   411 |       |       |       ||   673
         Quick blade       |       |       |       |   293 |  1484 |  1728 |   602 ||  4107
  Throw: Dart              |     5 |     6 |    23 |     1 |     2 |     4 |       ||    41
         Boomerang         |       |       |     3 |     4 |       |     3 |       ||    10
         Throwing net      |       |       |       |     2 |     1 |     3 |       ||     6
 Invoke: Reject Sacrifices |       |       |     1 |       |       |       |       ||     1
         Ancestor Identity |       |       |     1 |       |       |       |       ||     1
         Recall Ancestor   |       |       |       |     3 |     4 |     7 |     2 ||    16
         Ancestor Life: He |       |       |       |     1 |       |       |       ||     1
         Idealise          |       |       |       |       |     3 |     5 |     1 ||     9
Ability: Invent Gizmo      |       |       |       |       |     1 |       |       ||     1
  Evoke: Wand              |       |       |       |    19 |     4 |       |       ||    23
         Lightning rod     |       |       |       |       |       |       |     1 ||     1
    Use: Potion            |       |     4 |     1 |     9 |     5 |    16 |     6 ||    41
         Scroll            |       |       |       |    21 |    11 |     7 |     4 ||    43
   Stab: Sleeping          |       |     4 |     4 |     1 |    10 |    23 |     3 ||    45
         Distracted        |       |       |       |     9 |    23 |    19 |     7 ||    58
         Confused          |       |       |       |    19 |    51 |    35 |    24 ||   129
         Held in net/web   |       |       |       |       |     2 |     4 |       ||     6
         Paralysed         |       |       |       |       |    31 |    57 |     4 ||    92
 Armour: Robe              |     6 |       |       |       |       |       |       ||     6
         Chain mail        |    55 |       |       |       |       |       |       ||    55
         Troll leather arm |     7 |    99 |   103 |   267 |   503 |   547 |   178 ||  1704
  Dodge: Dodged            |    23 |    82 |   139 |   431 |   881 |   968 |   382 ||  2906

Table legend: (Time is in decaauts)
 A = Elapsed time spent in this place.
 B = Non-inter-level travel time spent in this place.
 C = Inter-level travel time spent in this place.
 D = Time resting spent in this place.
 E = Time spent auto-exploring this place.
 F = Levels seen in this place.
 G = Mean time per level.
                   A        B        C        D        E       F      G
               +--------+--------+--------+--------+--------+-----+--------+
         Total |  36700 |  32921 |   3779 |    865 |  22799 |  36 | 1019.4 |
       Dungeon |  16800 |  14244 |   2556 |    413 |  10321 |  15 | 1120.0 |
        Temple |     28 |     28 |      0 |      0 |      0 |   1 |   28.0 |
          Lair |   7788 |   7324 |    464 |     87 |   6066 |   5 | 1557.6 |
         Swamp |   2753 |   2606 |    147 |      0 |   1654 |   4 |  688.2 |
     Snake Pit |   4664 |   4241 |    423 |    103 |   2630 |   4 | 1166.0 |
  Orcish Mines |   2159 |   1988 |    171 |     85 |   1360 |   2 | 1079.5 |
   Elven Halls |    980 |    965 |     15 |      0 |    452 |   2 |  490.0 |
      Ice Cave |     67 |     67 |      0 |      0 |      0 |   1 |   67.0 |
        Wizlab |    962 |    962 |      0 |     90 |    265 |   1 |  962.0 |
      Gauntlet |    494 |    494 |      0 |     86 |     49 |   1 |  494.0 |
               +--------+--------+--------+--------+--------+-----+--------+

Top non-repeatable levels by time:
  Lair:5: 1923 daAuts
    D:11: 1818 daAuts
  Lair:3: 1738 daAuts
  Lair:2: 1706 daAuts
    D:14: 1530 daAuts
  Lair:4: 1525 daAuts
   Orc:2: 1486 daAuts
     D:9: 1472 daAuts
 Snake:4: 1419 daAuts
     D:1: 1347 daAuts
    D:10: 1298 daAuts
    D:12: 1269 daAuts
     D:8: 1174 daAuts
 Snake:3: 1160 daAuts
     D:7: 1120 daAuts
